[Event "FRA-ch Youth U12 2018"]
[Site "Agen"]
[Date "2018.04.15"]
[Round "1"]
[White "Bat, Bilguun"]
[Black "Berg, Timeo"]
[Result "1-0"]
[ECO "B08"]
[WhiteElo "1951"]
[BlackElo "1471"]
[Annotator "NA RC"]
[PlyCount "64"]
[EventDate "2018.??.??"]
[EventType "swiss"]
[EventCountry "FRA"]
[SourceTitle "playchess.com"]
[Source "ChessBase"]
[SourceQuality "1"]
[TimeControl "5400+30"]

1. d4 Nf6 2. Nf3 g6 3. Nc3 Bg7 4. e4 d6 5. Bf4 O-O 6. Qd2 Nbd7 7. O-O-O c5 8. dxc5 Nxc5 9. e5 Nfe4 10. Nxe4 Nxe4 11. Qe3 d5 12. Bc4 e6 13. Bd3 f5 14. exf6 Nxf6 15. h3 Qa5 16. a3 Bd7 17. Bh6 b5 $16 18. Bxg7 Kxg7 19. Qd4 Rac8 20. g4 Kg8 21. Ne5 Qc7 22. g5 Nh5 23. Kb1 Nf4 24. Ng4 Rf7 25. Nh6+ Kf8 26. Nxf7 Nxd3 27. cxd3 Kxf7 28. Qf6+ Kg8 29. Rc1 Qb7 30. Rxc8+ Bxc8 31. Qd8+ Kg7 32. Rc1 Kf7 1-0

[Event "FRA-ch Youth U12 2018"]
[Site "Agen"]
[Date "2018.04.15"]
[Round "1"]
[White "Cornileau, Juliette"]
[Black "Bollengier, Elisa"]
[Result "1-0"]
[ECO "B24"]
[WhiteElo "1654"]
[BlackElo "1149"]
[Annotator "NA RC"]
[PlyCount "45"]
[EventDate "2018.??.??"]
[EventType "swiss"]
[EventCountry "FRA"]
[SourceTitle "playchess.com"]
[Source "ChessBase"]
[SourceQuality "1"]
[TimeControl "5400+30"]

1. e4 c5 2. Nc3 Nc6 3. Bb5 g6 4. Bxc6 dxc6 5. f4 e6 6. Nf3 Ne7 7. d3 Bg7 8. O-O b5 9. e5 Bb7 10. Ne4 c4 11. Nd6+ Kf8 12. Ng5 Qb6+ 13. Kh1 f6 14. Nxe6+ Kg8 15. f5 c5 16. fxg6 hxg6 17. Nxg7 Kxg7 18. Rxf6 Qc7 19. Rf7+ Kg8 20. Bg5 Qc6 21. Qf3 Qc7 22. Rg7+ Kxg7 23. Qf7# 1-0

[Event "FRA-ch Youth U12 2018"]
[Site "Agen"]
[Date "2018.04.15"]
[Round "1"]
[White "Pentcheff, Laura"]
[Black "Riss, Selenia"]
[Result "1-0"]
[ECO "B23"]
[WhiteElo "1512"]
[BlackElo "1138"]
[Annotator "NA RC"]
[PlyCount "75"]
[EventDate "2018.??.??"]
[EventType "swiss"]
[EventCountry "FRA"]
[SourceTitle "playchess.com"]
[Source "ChessBase"]
[SourceQuality "1"]
[TimeControl "5400+30"]

1. e4 c5 2. Nc3 Nc6 3. f4 d6 4. Nf3 Nf6 5. Be2 g6 6. O-O Bg7 7. d3 O-O 8. Qe1 Bg4 9. Qg3 Bxf3 10. Bxf3 Nd4 11. Bd1 a6 12. f5 b5 13. h4 c4 14. dxc4 b4 15. Nd5 Nxe4 16. Qe3 gxf5 17. Nxb4 e6 18. c3 Qb6 19. Nd3 e5 20. cxd4 exd4 21. Qh3 Rad8 22. Rxf5 d5 23. cxd5 Nc5 24. Nxc5 Qxc5 25. Qg3 Kh8 26. Qd3 Rfe8 27. Bd2 Rd7 28. Ba4 Re3 29. Bxe3 Re7 30. Rc1 Qd6 31. Rc8+ Re8 32. Rxe8+ Bf8 33. Qxd4+ Kg8 34. Rg5+ Qg6 35. Rxg6+ hxg6 36. Bh6 Kh7 37. Bxf8 Kg8 38. Qg7# 1-0

[Event "FRA-ch Youth U12 2018"]
[Site "Agen"]
[Date "2018.04.15"]
[Round "1"]
[White "Cadoux, Maxandre"]
[Black "Droin, Augustin"]
[Result "0-1"]
[ECO "B90"]
[WhiteElo "1480"]
[BlackElo "1975"]
[Annotator "NA RC"]
[PlyCount "54"]
[EventDate "2018.??.??"]
[EventType "swiss"]
[EventCountry "FRA"]
[SourceTitle "playchess.com"]
[Source "ChessBase"]
[SourceQuality "1"]
[TimeControl "5400+30"]

1. e4 c5 2. Nf3 d6 3. d4 cxd4 4. Nxd4 Nf6 5. Nc3 a6 6. f3 e5 7. Nde2 Be6 8. Bg5 Nbd7 9. Qd2 Rc8 10. O-O-O b5 11. Kb1 Qa5 12. b3 b4 13. Na4 Nc5 14. Nxc5 Rxc5 15. Be3 Rc7 $11 16. Ng3 d5 17. exd5 Nxd5 18. Ka1 Rd7 19. a4 Nc3 20. Bb5 axb5 21. Qc1 bxa4 22. Kb2 Rxd1 23. Rxd1 axb3 24. Qa1 Nxd1+ 25. Qxd1 Qa3+ 26. Kb1 b2 27. c3 b3 0-1

[Event "FRA-ch Youth U12 2018"]
[Site "Agen"]
[Date "2018.04.15"]
[Round "1"]
[White "Lebhertz, Audeleen"]
[Black "Berezovsky, Fiorina"]
[Result "0-1"]
[ECO "B33"]
[WhiteElo "1153"]
[BlackElo "1678"]
[Annotator "NA RC"]
[PlyCount "70"]
[EventDate "2018.??.??"]
[EventType "swiss"]
[EventCountry "FRA"]
[SourceTitle "playchess.com"]
[Source "ChessBase"]
[SourceQuality "1"]
[TimeControl "5400+30"]

1. e4 c5 2. Nf3 Nc6 3. d4 cxd4 4. Nxd4 Nf6 5. Nc3 e6 6. f4 Bb4 7. Nxc6 bxc6 8. Qd3 O-O 9. Bd2 d5 10. e5 d4 11. Ne4 Bxd2+ 12. Nxd2 Ng4 13. Nc4 Ba6 14. c3 Bxc4 15. Qxc4 Ne3 16. Qd3 c5 17. a3 Qd5 18. Rc1 Nxg2+ 19. Bxg2 Qxg2 20. Qf1 Qe4+ 21. Kd1 dxc3 22. Rxc3 Qb1+ 23. Rc1 Rfd8+ 24. Ke2 Qxb2+ 25. Kf3 Qxa3+ 26. Kg4 Rd3 27. Qg2 Rad8 28. Rhg1 g6 29. Kh4 R3d4 30. Qg4 Qb2 31. Rgd1 Qxh2+ 32. Kg5 h6+ 33. Kf6 Rxf4+ 34. Qxf4 Qxf4+ 35. Ke7 Qg5# 0-1

[Event "FRA-ch Youth U12 2018"]
[Site "Agen"]
[Date "2018.04.15"]
[Round "1"]
[White "Jaureguiberry, Azylis"]
[Black "Bousmaha, Leila"]
[Result "0-1"]
[ECO "C47"]
[WhiteElo "1146"]
[BlackElo "1538"]
[Annotator "NA RC"]
[PlyCount "44"]
[EventDate "2018.??.??"]
[EventType "swiss"]
[EventCountry "FRA"]
[SourceTitle "playchess.com"]
[Source "ChessBase"]
[SourceQuality "1"]
[TimeControl "5400+30"]

1. e4 e5 2. Nf3 Nc6 3. Nc3 Nf6 4. d4 exd4 5. Nd5 Be7 6. Bc4 d6 7. O-O O-O 8. Re1 Bg4 9. h3 Bxf3 10. Qxf3 Ne5 11. Qb3 Nxc4 12. Qxc4 Nxd5 13. Qxd5 c6 14. Qxd4 f5 15. Bd2 fxe4 16. Rxe4 d5 17. Rg4 Bf6 18. Qf4 Bxb2 19. Qh6 Bxa1 20. c3 Qf6 21. Qe3 Rae8 22. Rb4 Rxe3 0-1

[Event "FRA-ch Youth U12 2018"]
[Site "Agen"]
[Date "2018.04.17"]
[Round "4"]
[White "Razafindratsima, Timothe"]
[Black "Mekhane, Adam"]
[Result "1/2-1/2"]
[ECO "C55"]
[WhiteElo "2146"]
[BlackElo "1907"]
[Annotator "NA"]
[PlyCount "167"]
[EventDate "2018.??.??"]
[EventType "swiss"]
[EventCountry "FRA"]
[SourceTitle "playchess.com"]
[Source "ChessBase"]
[SourceQuality "1"]
[TimeControl "5400+30"]

1. e4 e5 2. Bc4 Nc6 3. Nf3 Nf6 4. d3 Be7 5. O-O O-O 6. Re1 d6 7. a4 Kh8 8. a5 {[%emt 0:00:15] C55: Two Knights: 4 d3, 4 d4 exd4 5 e5 and Max Lange Attack} a6 9. h3 Ng8 10. Nc3 f5 11. Nd5 Bf6 12. c3 f4 13. d4 g5 14. dxe5 dxe5 $146 ({Predecessor:} 14... Bxe5 15. Nxe5 Nxe5 {1-0 (46) Amin,B (2654)-Abhishek,K (2380) Abu Dhabi 2016}) 15. Nh2 Bg7 16. b4 Nf6 17. Ba3 Nxd5 18. Bxd5 Ne7 19. Bb3 Qe8 20. Qd3 Ng6 21. Rad1 f3 22. b5 $17 (22. g4 $14) 22... Nf4 23. Qd2 Ne2+ 24. Rxe2 fxe2 25. Qxe2 Rf6 26. bxa6 Raxa6 27. Ba4 c6 28. Qd2 Be6 29. Qd8 Ra8 30. Qb6 Bf8 31. Bc1 h6 32. Qxb7 Rxa5 33. Bxc6 Qh5 34. Rf1 Qe2 35. Be3 Qd3 36. Qb8 Qxc3 37. Qd8 Rf7 38. Bd2 Qxc6 39. Qxa5 Qxe4 40. Re1 Qd5 41. Qxd5 Bxd5 42. Rxe5 Bb7 43. Ng4 Bg7 44. Re8+ Kh7 45. Bb4 Bc6 46. Re7 Rxe7 47. Bxe7 Kg6 48. Ne3 h5 49. Kh2 Be5+ 50. g3 h4 51. Ng4 hxg3+ 52. fxg3 Bb8 53. Ne3 Kh5 54. Nc2 Be4 55. Nd4 Bd5 56. Nf5 Kg6 57. Ne3 Be4 58. Nc4 Bd5 59. Nb6 Bc6 60. Bd8 Be5 61. Nc4 Bb8 62. Nd2 Bd5 63. Be7 Bc7 64. Bc5 Bb8 65. Be3 Kh5 66. Bd4 Kg6 67. Nf1 Bc7 68. Ne3 Be6 69. Bc5 Bb8 70. Nc2 Bc7 71. Nd4 Bd5 72. Nb5 Be5 73. Bd4 Bb8 74. Nc3 Bc6 75. Ne2 Bf3 76. Nc1 Be4 77. Nb3 Bd5 78. Nc5 Bc7 79. Nd3 Be4 80. Nf2 Bf3 81. Be3 Bb8 82. Bd2 Bd5 83. Ng4 Bf3 84. Nf2 1/2-1/2

[Event "FRA-ch Youth U12 2018"]
[Site "Agen"]
[Date "2018.04.17"]
[Round "4"]
[White "Droin, Augustin"]
[Black "Gherghinoiu, Lucas"]
[Result "1-0"]
[ECO "B42"]
[WhiteElo "1975"]
[BlackElo "1901"]
[Annotator "NA"]
[PlyCount "51"]
[EventDate "2018.??.??"]
[EventType "swiss"]
[EventCountry "FRA"]
[SourceTitle "playchess.com"]
[Source "ChessBase"]
[SourceQuality "1"]
[TimeControl "5400+30"]

1. e4 c5 2. Nf3 e6 3. d4 cxd4 4. Nxd4 a6 5. Bd3 d5 6. Nc3 dxe4 7. Nxe4 Be7 8. O-O Nf6 9. c3 O-O 10. Re1 Bd7 11. Qc2 $14 g6 12. Bh6 Re8 13. Rad1 Ng4 14. Bc1 Qc7 15. Nf3 f5 16. Ng3 Bc5 17. Re2 e5 18. h3 Nf6 19. b4 Bd6 20. Ng5 Re7 21. Qd2 Be6 22. Nxe6 Rxe6 23. Nxf5 gxf5 24. Bxf5 Re8 25. Qxd6 Qxd6 26. Rxd6 1-0

[Event "FRA-ch Youth U12 2018"]
[Site "Agen"]
[Date "2018.04.17"]
[Round "4"]
[White "Patole, Noam"]
[Black "Maurizzi, Marc Andria"]
[Result "1-0"]
[ECO "C07"]
[WhiteElo "1903"]
[BlackElo "2119"]
[Annotator "NA"]
[PlyCount "125"]
[EventDate "2018.??.??"]
[EventType "swiss"]
[EventCountry "FRA"]
[SourceTitle "playchess.com"]
[Source "ChessBase"]
[SourceQuality "1"]
[TimeControl "5400+30"]

1. e4 e6 2. d4 d5 3. Nd2 c5 4. exd5 Qxd5 5. Ngf3 cxd4 6. Bc4 Qd8 7. O-O Nc6 8. Nb3 a6 {[%emt 0:00:12] C07: French Tarrasch: 3...c5, 4 Ngf3 and 4 exd5 Qxd5} 9. Nbxd4 Nxd4 10. Qxd4 (10. Nxd4 Qc7 11. Bd3 Nf6 12. Re1 Bd6 13. h3 O-O 14. Bg5 Be5 15. c3 h6 16. Nf3 Bxc3 {1-0 (51) Mamedov,R (2709)-Le,Q (2737) Huaian 2017}) 10... Qxd4 11. Nxd4 Bd7 {[%emt 0:02:24] LiveBook: 7 Games} 12. Be3 Rc8 13. Bd3 $146 ({Predecessor:} 13. Bb3 Bc5 14. c3 Nf6 15. Rfe1 O-O 16. Nc2 Bxe3 17. Nxe3 {1-0 (27) Cejda,C (1335)-Watzlawik,L (1170) Oberhof 2013}) 13... Nf6 14. Rfe1 Be7 15. c3 O-O 16. Rad1 Nd5 17. Be4 Nxe3 18. Rxe3 Rc7 19. Red3 Bc8 20. g3 g6 21. Bg2 e5 22. Ne2 Bg4 23. f3 Bc5+ 24. Kf1 Be6 25. b3 f5 26. Rd8 Rcf7 27. Rxf8+ Kxf8 28. f4 e4 29. Nd4 Bc8 30. Nc6 Rd7 ({Don't do} 30... bxc6 31. Rd8+ Ke7 32. Rxc8 $15) 31. Rxd7 Bxd7 32. Nd4 Ke7 33. Ke2 a5 34. Kd2 b5 35. Ne2 Kd6 36. Kc2 Be6 37. Kb2 Bd5 38. Kc2 a4 39. Nc1 h6 40. h4 Bf2 41. Ne2 Kc5 42. Kb2 e3 43. Bxd5 Kxd5 44. Kc2 $19 Ke4 45. c4 axb3+ 46. axb3 bxc4 47. bxc4 h5 48. Kd1 Bxg3 49. Nxg3+ Kxf4 50. Ne2+ Ke4 51. Ke1 Ke5 52. c5 Kd5 53. Nf4+ Kxc5 54. Nxg6 Kd5 55. Nf4+ Ke4 56. Nxh5 f4 57. Ng7 f3 58. Ne6 Kd3 59. Ng5 f2+ 60. Kf1 Kd2 61. Ne4+ Kd3 62. Nxf2+ Kd4 63. Ng4 1-0

[Event "FRA-ch Youth U12 2018"]
[Site "Agen"]
[Date "2018.04.17"]
[Round "4"]
[White "Zachary, Bastian"]
[Black "Bat, Bilguun"]
[Result "1-0"]
[ECO "E15"]
[WhiteElo "1884"]
[BlackElo "1951"]
[Annotator "NA"]
[PlyCount "133"]
[EventDate "2018.??.??"]
[EventType "swiss"]
[EventCountry "FRA"]
[SourceTitle "playchess.com"]
[Source "ChessBase"]
[SourceQuality "1"]
[TimeControl "5400+30"]

1. d4 Nf6 2. c4 e6 3. Nf3 b6 4. g3 Bb4+ 5. Bd2 Bxd2+ 6. Nbxd2 Bb7 7. Bg2 {[%emt 0:00:16] LiveBook: 89 Games} O-O 8. O-O c5 9. e3 {[%emt 0:02:22] E16: Queen's Indian: 4 g3 Bb7 5 Bg2 Bb4+} (9. Qa4 Nc6 10. e3 cxd4 11. Nxd4 a6 12. Rfd1 Qc7 13. Nxc6 Bxc6 14. Bxc6 dxc6 15. Qc2 c5 16. Ne4 Nxe4 17. Qxe4 {½-½ (40) Palo,D (2562)-Shirov,A (2709) Tromsoe 2014}) 9... Nc6 10. Nb3 d6 11. Re1 $146 ({Predecessor:} 11. Qe2 Qe7 12. Rac1 Rac8 13. Rfd1 Nb4 14. a3 Na6 15. Nh4 Bxg2 16. Nxg2 Qb7 {0-1 (37) Bielicki,B (2225)-Damm,S Zell 1993}) 11... Ne7 12. Rc1 Rc8 13. Nfd2 Bxg2 14. Kxg2 cxd4 15. exd4 d5 16. c5 Nc6 17. Nf3 Nd7 18. Qd2 a5 19. cxb6 Qxb6 20. Nc5 Nxc5 21. Rxc5 Rb8 22. Rec1 Ne7 23. b3 Ra8 24. Ne5 Qb4 25. Qxb4 axb4 26. R1c2 Nf5 27. Nc6 h5 $14 28. h3 g5 29. Rd2 Nd6 30. Rcc2 g4 31. Nxb4 Ne4 32. Re2 Ng5 33. hxg4 hxg4 34. Nc6 Nf3 35. Rc1 Kg7 36. Ne5 Nxd4 37. Rd2 Nf5 38. Nxg4 Ra3 39. Ne3 Nd6 40. f3 Rfa8 41. Rcc2 Kf8 42. Nd1 Ke7 43. Nc3 R3a7 44. Na4 Rh8 45. Rd1 Nf5 46. Re2 Kd6 47. Nc3 Rb7 48. Ne4+ Ke7 49. Nc5 Rb5 50. Rxd5 Rc8 51. Rxf5 Rbxc5 52. Rxc5 Rxc5 53. Rb2 f5 54. Kf2 e5 55. b4 Rc8 56. b5 Rh8 57. Ke3 Kd7 58. b6 Kc8 59. Rb5 Re8 60. b7+ Kb8 61. f4 exf4+ 62. Kxf4 Rg8 63. Rb3 Rf8 64. a4 Rd8 65. Kxf5 Rd5+ 66. Ke4 Ra5 67. Rb4 1-0

[Event "FRA-ch Youth U12 2018"]
[Site "Agen"]
[Date "2018.04.17"]
[Round "4"]
[White "Berezovsky, Fiorina"]
[Black "Schebacher, Solene"]
[Result "0-1"]
[ECO "B34"]
[WhiteElo "1678"]
[BlackElo "1396"]
[Annotator "NA"]
[PlyCount "114"]
[EventDate "2018.??.??"]
[EventType "swiss"]
[EventCountry "FRA"]
[SourceTitle "playchess.com"]
[Source "ChessBase"]
[SourceQuality "1"]
[TimeControl "5400+30"]

1. e4 c5 2. Nf3 Nc6 3. d4 cxd4 4. Nxd4 g6 5. Nc3 Bg7 6. Be3 d6 7. Bc4 Nf6 8. h3 O-O 9. Qd2 Bd7 10. O-O-O Rc8 11. Bb3 Ne5 12. f4 Nc4 13. Bxc4 Rxc4 14. g4 a6 15. g5 Nh5 16. f5 b5 17. b3 Rc8 18. Nd5 Bh8 19. Rhg1 Bc6 20. fxg6 hxg6 21. Nxc6 Rxc6 22. Bd4 Re8 23. Bxh8 Kxh8 24. Rdf1 Rf8 25. Nf4 Nxf4 26. Rxf4 Qb6 27. Rgf1 Kg7 28. h4 Rcc8 29. Qe2 Qc5 30. Kb1 Qc3 31. Qf2 f6 32. gxf6+ Rxf6 33. Rxf6 Qxf6 34. Qe1 Qd4 35. Rh1 Qc5 36. Qe2 Rh8 37. Qg4 Qh5 38. Qg3 Qe5 39. Qg2 Rh5 40. Qf3 Qf6 41. Qg4 Qe5 42. Rf1 Rh8 43. Qf3 Qe6 44. Rh1 Qf6 45. Qg4 Qe5 46. Rf1 Rd8 47. Qf3 Qf6 48. Qh1 Qe5 49. Rf2 d5 50. exd5 Rxd5 51. Qf1 Qe6 52. Qg1 Qd6 53. Rf1 Qd7 54. Kb2 Qd6 55. Qf2 Rf5 56. Qe2 Qf6+ 57. c3 Rxf1 0-1

[Event "FRA-ch Youth U12 2018"]
[Site "Agen"]
[Date "2018.04.17"]
[Round "4"]
[White "Bousmaha, Leila"]
[Black "Fougerat, Emma"]
[Result "1/2-1/2"]
[ECO "B06"]
[WhiteElo "1538"]
[BlackElo "1271"]
[Annotator "NA"]
[PlyCount "99"]
[EventDate "2018.??.??"]
[EventType "swiss"]
[EventCountry "FRA"]
[SourceTitle "playchess.com"]
[Source "ChessBase"]
[SourceQuality "1"]
[TimeControl "5400+30"]

1. e4 g6 2. d4 Bg7 3. c4 c5 4. Nf3 Nc6 5. Be3 Qb6 6. Nc3 cxd4 7. Nd5 Qa5+ 8. Qd2 dxe3 9. Qxa5 exf2+ 10. Kxf2 Nxa5 11. Nc7+ Kd8 12. Nxa8 b6 13. Rb1 Bb7 14. b4 Nc6 15. Nxb6 axb6 16. Bd3 Nf6 17. h3 d6 18. Rhe1 Kd7 19. c5 bxc5 20. bxc5 Rb8 21. cxd6 exd6 22. Bb5 Kc7 23. Bxc6 Bxc6 24. Rxb8 Kxb8 25. e5 dxe5 26. Kf1 Bxf3 27. gxf3 Nd5 28. Kg2 g5 29. Rb1+ Ka7 30. Kh2 h5 31. Rd1 Nb6 32. Rd8 e4 33. fxe4 Be5+ 34. Kg2 f6 35. h4 gxh4 36. Rh8 Bf4 37. Rxh5 Bg5 38. e5 Nd5 39. Rh7+ Kb6 40. exf6 Bxf6 41. a4 Nc3 42. Rh6 Nd5 43. a5+ Kxa5 44. Rh5 Kb4 45. Rxd5 Kc4 46. Rd7 Bd4 47. Rh7 Bf6 48. Rf7 Be5 49. Kh3 Bg3 50. Rf4+ 1/2-1/2

[Event "FRA-ch Youth U12 2018"]
[Site "Agen"]
[Date "2018.04.17"]
[Round "4"]
[White "Pentcheff, Laura"]
[Black "Stephan, Chloe"]
[Result "1-0"]
[ECO "D02"]
[WhiteElo "1512"]
[BlackElo "1175"]
[Annotator "NA"]
[PlyCount "82"]
[EventDate "2018.??.??"]
[EventType "swiss"]
[EventCountry "FRA"]
[SourceTitle "playchess.com"]
[Source "ChessBase"]
[SourceQuality "1"]
[TimeControl "5400+30"]

1. d4 d5 2. Nf3 Nf6 3. g3 Bg4 4. Bg2 e6 5. O-O Be7 6. c4 c6 7. Nc3 O-O 8. Qb3 Qb6 9. c5 Qc7 10. Bf4 Qc8 11. Ne5 Bf5 12. Rfd1 Nbd7 13. Nd3 b6 14. cxb6 axb6 15. Ne5 c5 16. Nxd7 Qxd7 17. Qxb6 Rfc8 18. Qb5 Qd8 19. e4 dxe4 20. dxc5 Qa5 21. Qxa5 Rxa5 22. b4 Ra3 23. Nb5 Ra4 24. a3 Bg4 25. Nd6 Rd8 26. Re1 Nd5 27. Nb7 Re8 28. Rxe4 f5 29. Rxe6 Nxf4 30. gxf4 Kf7 31. Rae1 Raa8 32. Rxe7+ Rxe7 33. Nd6+ Kf8 34. Rxe7 Kxe7 35. Bxa8 Kd7 36. Kg2 h6 37. f3 Bh5 38. Nxf5 g6 39. Ng7 Ke7 40. Nxh5 gxh5 41. Kh3 Ke8 1-0

[Event "FRA-ch Youth U12 2018"]
[Site "Agen"]
[Date "2018.04.17"]
[Round "4"]
[White "Milojevic-Daim, Lola-Shaina"]
[Black "Cornileau, Juliette"]
[Result "0-1"]
[ECO "B23"]
[WhiteElo "1316"]
[BlackElo "1654"]
[Annotator "NA"]
[PlyCount "110"]
[EventDate "2018.??.??"]
[EventType "swiss"]
[EventCountry "FRA"]
[SourceTitle "playchess.com"]
[Source "ChessBase"]
[SourceQuality "1"]
[TimeControl "5400+30"]

1. e4 c5 2. Nc3 Nc6 3. Nge2 e6 4. g3 Nf6 5. Bg2 Be7 6. d3 d5 7. exd5 exd5 8. Nf4 d4 9. Ncd5 Nxd5 10. Nxd5 Be6 11. Nf4 Qd7 12. O-O O-O 13. Re1 Bd6 14. Nxe6 fxe6 15. Bxc6 bxc6 16. Bd2 e5 17. c3 Qf5 18. Qe2 Rab8 19. b3 Qf3 20. cxd4 cxd4 21. Qf1 Rf5 22. Rac1 c5 23. Rc2 Rbf8 24. Bc1 h5 25. Re4 g5 26. Qe2 g4 27. Ba3 Rc8 28. Rc4 a5 29. b4 axb4 30. Bxb4 Rb8 31. Be1 Rb1 32. Ra4 Qxe2 33. Rxe2 Rf3 34. Ra3 Rd1 35. Ra8+ Kf7 36. Kf1 Rdxd3 37. Rb2 Ra3 38. Rb7+ Kf6 39. Rd8 Ra6 40. Rh8 e4 41. Rxh5 d3 42. Rh6+ Ke5 43. Bd2 Kd5 44. Rd7 Kc6 45. Rg7 Kb5 46. Rxg4 Rxa2 47. Rxd6 Rxd2 48. Rf4 Rdxf2+ 49. Ke1 Rxf4 50. gxf4 Rxf4 51. Kd2 c4 52. Kc3 e3 53. Rd5+ Kc6 54. Re5 e2 55. Kd2 Rf1 0-1

[Event "FRA-ch Youth U12 2018"]
[Site "Agen"]
[Date "2018.04.18"]
[Round "5"]
[White "Mekhane, Adam"]
[Black "Toussaint, Florent"]
[Result "1-0"]
[ECO "C89"]
[WhiteElo "1907"]
[BlackElo "1424"]
[Annotator "NA"]
[PlyCount "63"]
[EventDate "2018.??.??"]
[EventType "swiss"]
[EventCountry "FRA"]
[SourceTitle "playchess.com"]
[Source "ChessBase"]
[SourceQuality "1"]
[TimeControl "5400+30"]

1. e4 e5 2. Nf3 Nc6 3. Bb5 a6 4. Ba4 Nf6 5. O-O b5 6. Bb3 Be7 {[%emt 0:00:06] LiveBook: 1394 Games} 7. Re1 O-O 8. c3 d5 9. d4 dxe4 {[%emt 0:07:07] C89: Closed Ruy Lopez: Marshall Attack} 10. Nxe5 Nxe5 11. dxe5 Qxd1 12. Bxd1 Nd7 13. Bc2 {[%emt 0:00:03] [#]} Nc5 $146 ({Predecessor:} 13... Nxe5 14. Bxe4 Rb8 15. Bf4 Bd6 16. Bxe5 Bxe5 17. Bxh7+ Kxh7 18. Rxe5 {½-½ (28) Istratescu,A (2633)-Fressinet,L (2693) Plovdiv 2012}) 14. Bxe4 Nxe4 15. Rxe4 Bb7 16. Re1 Rfe8 17. Bf4 $14 Rad8 18. Nd2 Bc5 19. Nb3 Bb6 20. a4 Re6 21. a5 Ba7 22. Rad1 Rde8 23. Nd4 R6e7 24. Nf5 Re6 25. Rd3 g6 26. Nh6+ Kg7 27. Ng4 Kg8 28. Rd7 R6e7 29. Nf6+ Kh8 30. Rxe7 Rxe7 31. Rd1 Kg7 32. Rd8 1-0

[Event "FRA-ch Youth U12 2018"]
[Site "Agen"]
[Date "2018.04.18"]
[Round "5"]
[White "Zachary, Bastian"]
[Black "Droin, Augustin"]
[Result "0-1"]
[ECO "D08"]
[WhiteElo "1884"]
[BlackElo "1975"]
[Annotator "NA"]
[PlyCount "48"]
[EventDate "2018.??.??"]
[EventType "swiss"]
[EventCountry "FRA"]
[SourceTitle "playchess.com"]
[Source "ChessBase"]
[SourceQuality "1"]
[TimeControl "5400+30"]

1. d4 d5 2. c4 e5 3. dxe5 d4 4. Nf3 Nc6 {[%emt 0:00:06] LiveBook: 842 Games} 5. a3 Be6 6. b3 {[%emt 0:08:54] D08: Albin Counter Gambit} (6. Nbd2 Nge7 7. Nb3 Nf5 8. Qd3 a5 9. Bf4 a4 10. Nbd2 Bc5 11. g3 Nfe7 12. Ne4 Bb6 13. Bg2 Ng6 14. O-O {1-0 (42) Nielsen,P (2710)-Tikkanen,H (2501) Sweden 2009}) 6... Nge7 7. Bb2 Nf5 $146 ({Predecessor:} 7... Ng6 8. Nxd4 Ncxe5 9. Nc3 Bc5 10. e3 O-O 11. Be2 Qg5 12. g3 Qe7 13. Nxe6 fxe6 {½-½ (41) Casanellas Ruano,L (2119)-Mora Amella,J (1818) Catalunya 2014}) 8. Nbd2 a5 9. Rc1 Be7 10. Ne4 Qd7 11. h3 O-O-O 12. g3 Rhg8 13. h4 f6 14. exf6 gxf6 15. Bh3 $2 (15. Bg2 $14 {stays ahead.}) 15... Nxh4 16. Nxh4 Bxh3 17. Qd2 f5 18. Nc5 Bxc5 19. Rxh3 f4 20. Rh1 fxg3 21. fxg3 Rxg3 22. Nf3 d3 23. Be5 Rxf3 24. exf3 Nxe5 0-1

[Event "FRA-ch Youth U12 2018"]
[Site "Agen"]
[Date "2018.04.18"]
[Round "5"]
[White "Lamaze, Simon"]
[Black "Patole, Noam"]
[Result "1-0"]
[ECO "C49"]
[WhiteElo "1850"]
[BlackElo "1903"]
[Annotator "NA"]
[PlyCount "91"]
[EventDate "2018.??.??"]
[EventType "swiss"]
[EventCountry "FRA"]
[SourceTitle "playchess.com"]
[Source "ChessBase"]
[SourceQuality "1"]
[TimeControl "5400+30"]

1. e4 e5 2. Nf3 Nc6 3. Nc3 Nf6 4. Bb5 Bb4 5. O-O O-O 6. d3 Bxc3 7. bxc3 d6 8. Bg5 Qe7 9. Re1 Bg4 10. h3 {[%emt 0:03:58] LiveBook: 3 Games} Bh5 11. d4 Nd8 12. Bf1 {[%emt 0:02:16] C49: Four Knights: 4 Bb5 Bb4} (12. g4 Bg6 13. d5 h6 14. Bh4 Bh7 15. Bd3 b6 16. c4 Nb7 17. g5 hxg5 18. Bxg5 Kh8 19. Kh2 Rg8 20. Nh4 Qf8 21. Rg1 {½-½ (31) Wei,Y (2694)-Santos Latasa,J (2541) Leon 2016}) 12... Ne6 13. Bh4 Bxf3 $146 ({Predecessor:} 13... Nf4 14. Bg3 Ng6 15. Qd3 Bxf3 16. Qxf3 Rac8 17. Rab1 c6 18. h4 h5 19. Qf5 b6 {1-0 (38) Kharchenko,D (2009)-Manin,V (2208) St Petersburg 2012}) 14. Qxf3 Nf4 15. g3 Ng6 16. Bg5 h6 17. Bc1 Nd7 18. Bc4 Kh8 19. Qh5 Nf6 20. Qf3 c6 21. Ba3 Nh7 22. Qf5 Rad8 23. Rad1 Qg5 24. Qxg5 Nxg5 25. Kg2 b5 26. Bf1 exd4 27. cxd4 Rfe8 28. f3 a6 $18 29. h4 Nh7 30. f4 Nf6 31. Kf3 d5 32. e5 Nd7 33. f5 Ngf8 34. Bh3 Nb6 35. e6 fxe6 36. fxe6 Ng6 37. e7 Rb8 38. Re6 Na4 39. Bd6 Nc3 40. Rde1 Rb7 41. Rxg6 Ne4 42. Rxe4 dxe4+ 43. Kxe4 b4 44. Re6 a5 45. Bf5 a4 46. Bg6 1-0

[Event "FRA-ch Youth U12 2018"]
[Site "Agen"]
[Date "2018.04.18"]
[Round "5"]
[White "Foughali, Younes"]
[Black "Razafindratsima, Timothe"]
[Result "0-1"]
[ECO "B51"]
[WhiteElo "1660"]
[BlackElo "2146"]
[Annotator "NA"]
[PlyCount "112"]
[EventDate "2018.??.??"]
[EventType "swiss"]
[EventCountry "FRA"]
[SourceTitle "playchess.com"]
[Source "ChessBase"]
[SourceQuality "1"]
[TimeControl "5400+30"]

1. e4 c5 2. Nf3 d6 3. Bb5+ Nd7 4. c3 a6 5. Ba4 Ngf6 6. Qe2 e6 7. O-O b5 8. Bc2 Bb7 9. d4 {[%emt 0:01:51] LiveBook: 75 Games B51: Sicilian: Moscow Variation (3 Bb5+) without 3...Bd7} Be7 10. Bf4 (10. Nbd2 O-O 11. Re1 Qc7 12. Nf1 Rac8 13. Bb1 cxd4 14. cxd4 e5 15. d5 b4 16. Be3 Nc5 {0-1 (49) Anton Guijarro,D (2666)-Salem,A (2638) Riadh 2017}) 10... cxd4 11. cxd4 Rc8 12. a3 $146 ({Predecessor:} 12. Nc3 b4 13. Na4 O-O 14. Bd3 Qa5 15. b3 d5 16. e5 Ne4 {0-1 (40) Van der Zwet,B (2100)-Bates,R (2332) Bunratty 2016}) 12... O-O 13. Nc3 Nb6 14. Rac1 Qd7 15. Bb3 a5 16. e5 Nfd5 17. Nxd5 Bxd5 18. exd6 Bxf3 19. Qxf3 Bxd6 20. Bxd6 Qxd6 21. Qd3 Qd7 22. h3 Rfd8 23. Rxc8 Rxc8 24. Rd1 g6 $11 25. Qf3 a4 26. Ba2 Nd5 27. Bxd5 Qxd5 28. Qxd5 exd5 29. Rd2 Kf8 30. Kf1 Ke7 31. Ke2 Kd6 32. Kd3 b4 33. Rc2 Rb8 34. axb4 Rxb4 35. Kc3 Rc4+ 36. Kd3 Rxc2 37. Kxc2 Kc6 38. b3 Kb5 39. Kb2 Kb4 40. bxa4 Kxa4 41. Kc3 Ka3 42. g4 g5 43. f3 f6 44. Kd3 Kb3 45. Ke3 Kc3 46. f4 h6 47. f5 Kc4 48. Ke2 Kxd4 49. Kd2 Ke4 50. Ke2 d4 51. Kd2 d3 52. Kd1 Ke3 53. Ke1 d2+ 54. Kd1 Kd3 55. h4 gxh4 56. g5 h3 0-1